 Dungeon Crawl Stone Soup version 0.29.1-13-g9f3cf754e1 (webtiles) character file.

Game seed: 1525176842363073869

69 Thatpatchoflichen the Trooper (level 4, -7/48 HPs)
             Began as an Ogre Gladiator on Jan 26, 2023.
             Mangled by Terence
             ... wielding a +4 vorpal mace
              (8 damage)
             ... on level 2 of the Dungeon.
             The game lasted 00:02:17 (2100 turns).

Thatpatchoflichen the Trooper (Ogre Gladiator)      Turns: 2100, Time: 00:02:19

Health: -7/48      AC:  3    Str: 20    XL:     4   Next: 20%
Magic:  4/4        EV: 10    Int:  9    God:
Gold:   81         SH:  0    Dex: 10    Spells: 3/3 levels left

rFire   . . .      SeeInvis .   a - +0 flail
rCold   . . .      Faith    .   (no shield)
rNeg    . . .      Spirit   .   b - +0 robe
rPois   .          Reflect  .   c - +0 hat
rElec   .          Harm     .   (no cloak)
rCorr   .          Rampage  .   (gloves unavailable)
Will    .....                   (boots unavailable)
Stlth   +.........              (no amulet)
HPRegen 0.16/turn               (no ring)
MPRegen 0.09/turn               (no ring)

@: no status effects
A: large, unfitting armour, tough skin 1
a: no special abilities


You were on level 2 of the Dungeon.
You visited 1 branch of the dungeon, and saw 2 of its levels.

You collected 81 gold pieces.

Inventory:

Hand Weapons
 a - a +0 flail (weapon)
Missiles
 d - 3 throwing nets (quivered)
 e - a large rock
Armour
 b - a +0 robe (worn)
 c - a +0 hat (worn)
Jewellery
 k - an amulet of the acrobat
Scrolls
 h - a scroll of enchant armour {unknown}
 l - a scroll of teleportation {unknown}
 m - a scroll of vulnerability {unknown}
Potions
 f - 2 potions of mutation {unknown}
 g - 2 potions of heal wounds {unknown}
 i - a potion of curing {unknown}
 j - 2 potions of magic {unknown}


   Skills:
 + Level 3.9 Fighting
 + Level 3.3 Maces & Flails
 - Level 2.0 Throwing
 + Level 3.4 Dodging


You had 3 spell levels left.
You didn't know any spells.
Your spell library contained the following spells:

 Spells                   Type           Power      Damage    Failure   Level
 Sandblast                Erth           0%         2d4       38%         1
 Passwall                 Tmut/Erth      0%         N/A       52%         2
 Stone Arrow              Conj/Erth      0%         3d7       77%         3


Dungeon Overview and Level Annotations

Branches:
Dungeon (2/15)

Altars:

Annotations:
D:2 Terence


Innate Abilities, Weirdness & Mutations

You are too large for most types of armour.
You have tough skin. (AC +1)


Message History

Found an escape hatch in the ceiling.
There is a stone staircase leading down here.
Terence the Incautious comes into view.
He is wielding a +4 vorpal mace.
You closely miss Terence. Terence screams, "I want your blood!"
Terence hits you with a +4 vorpal mace.
You closely miss Terence. Terence closely misses you.
You barely miss Terence. Terence shouts, "Now you die!"
Terence hits you with a +4 vorpal mace. Terence barely misses you.
You barely miss Terence. Terence hits you with a +4 vorpal mace.
You barely miss Terence. Terence hits you with a +4 vorpal mace!
You closely miss Terence. Terence hits you with a +4 vorpal mace.
You barely miss Terence. Terence says, "How do you enjoy it?"
Terence hits you with a +4 vorpal mace.
* * * LOW HITPOINT WARNING * * *
x2 You hit Terence.
Terence is lightly wounded.
Terence hits you with a +4 vorpal mace.
* * * LOW HITPOINT WARNING * * *
x2 Terence closely misses you.
Terence screams, "I'm going to kill you!"
Terence hits you with a +4 vorpal mace.
* * * LOW HITPOINT WARNING * * *
x2 Terence attacks as you move away!
Terence completely misses you. Terence says, "Did you write a will?
You should..."
You start putting on your amulet.
You continue putting on your amulet of the acrobat.
Terence says, "You're history."
Terence hits you but does no damage.
Keep equipping yourself?
You continue putting on your amulet of the acrobat.
Terence hits you with a +4 vorpal mace.
* * * LOW HITPOINT WARNING * * *
x2 You continue putting on your amulet of the acrobat.
Terence barely misses you.
You continue putting on your amulet of the acrobat.
Terence hits you with a +4 vorpal mace!
You die...

# ####### #.#
#.....# .. #.....#
####.#### #.....#
#.......# #.....#
#.##.##.####.....#
#.##.##.........##
#@##......###...##
#@# ###...##.###..
#.###........# #.#
#............###..
#####.##..#<......
#.##..........
#.###.#....... #.#
#.#....... #..
........## ###
#.........


You could see Terence.

Vanquished Creatures
  Jessica (D:2)
  2 adders
  2 dart slugs (D:1)
  A bat (D:1)
  4 endoplasms
  A goblin (D:1)
  3 hobgoblins
  2 kobolds
  2 ball pythons (D:2)
  2 rats (D:1)
20 creatures vanquished.

Notes
Turn   | Place    | Note
-------+----------+-------------------------------------------
     0 | D:1      | Thatpatchoflichen the Ogre Gladiator began the quest for
                  | the Orb.
     0 | D:1      | Reached XP level 1. HP: 22/22 MP: 1/1
    97 | D:2      | Noticed Jessica
   249 | D:1      | Reached XP level 2. HP: 22/31 MP: 2/2
  1071 | D:1      | Reached XP level 3. HP: 37/37 MP: 3/3
  1731 | D:2      | Killed Jessica
  1807 | D:2      | Reached XP level 4. HP: 41/48 MP: 4/4
  2083 | D:2      | Noticed Terence
  2098 | D:2      | HP: 2/48 [Terence/+4 vorpal mace (5)]
  2100 | D:2      | Mangled by Terence

Illustrated notes

Levels and vault maps discovered:
D:1:      dpeg_arrival_three_same_balls, layout_basic
D:2:      layout_loops_cross, minmay_box_of_dots, uniq_terence, uniq_jessica

Skill      XL: |  1  2 |
---------------+-------+-----
Fighting       | 3 |  3.9
Maces & Flails | 3 |  3.3
Dodging        | 3 |  3.4
Throwing       | |  2.0

Action                   |  1- 3 |  4- 6 || total
-------------------------+-------+-------++-------
Melee: Flail             |    68 |    14 ||    82
Armor: Robe              |    18 |     4 ||    22
Dodge: Dodged            |    33 |    11 ||    44
